 Dungeon Crawl Stone Soup version 0.28-a0-1199-gef9e1dbd39 (webtiles) character file.

Game seed: 14759189872108808239

51 Peloso the Covered (level 3, 0/33 HPs)
             Began as a Minotaur Fighter on Dec 19, 2021.
             Slain by an adder (2 damage)
             ... on level 3 of the Dungeon.
             The game lasted 00:03:19 (2211 turns).

Peloso the Covered (Minotaur Fighter)               Turns: 2211, Time: 00:03:20

Health: 0/33       AC:  7    Str: 26    XL:     3   Next: 57%
Magic:  2/2        EV:  7    Int:  5    God:
Gold:   158        SH:  4    Dex: 11    Spells: 2/2 levels left

rFire   . . .      SeeInvis .   a - +0 long sword
rCold   + . .      Faith    .   c - +0 buckler
rNeg    . . .      Spirit   .   k - +0 plate armour
rPois   .          Reflect  .   (helmet restricted)
rElec   .          Harm     .   (no cloak)
rCorr   .          Rampage  .   (no gloves)
Will    .....                   (no boots)
Stlth   ..........              (no amulet)
HPRegen 0.11/turn               f - +6 ring of strength
MPRegen 0.08/turn               n - ring of protection from cold

@: mighty, corroded
A: horns 2, retaliatory headbutt
a: no special abilities


You were on level 3 of the Dungeon.
You visited 1 branch of the dungeon, and saw 3 of its levels.

You collected 158 gold pieces.

Inventory:

Hand Weapons
 a - a +0 long sword (weapon)
Armour
 b - a +0 scale mail
 c - a +0 buckler (worn)
 k - a +0 plate armour (worn)
Jewellery
 f - a +6 ring of strength (left hand)
 n - a ring of protection from cold (right hand)
Scrolls
 h - a scroll of immolation {unknown}
 l - a scroll of acquirement {unknown}
 m - a scroll of teleportation
 o - a scroll of blinking {unknown}
 q - a scroll of identify {unknown}
Potions
 e - a potion of attraction {unknown}
 g - a potion of lignification {unknown}
 i - a potion of resistance
 j - a potion of curing {unknown}
 p - a potion of flight {unknown}


   Skills:
 + Level 4.0 Fighting
 + Level 3.0 Long Blades
 + Level 4.3 Armour
 + Level 0.6 Dodging
 + Level 4.2 Shields


You had 2 spell levels left.
You didn't know any spells.
Your spell library was empty.

Dungeon Overview and Level Annotations

Branches:
Dungeon (3/15)

Altars:

Annotations:
D:3 Ijyb


Innate Abilities, Weirdness & Mutations

You have a pair of horns on your head.
You reflexively headbutt those who attack you in melee.


Message History

Unknown command.
It was a potion of resistance.
You feel protected.
You feel sick.
You are no longer poisoned.
The adder bites you but does no damage. x2
As you read the scroll labelled OTOPHI YCVOTA, it crumbles to dust.
You feel strangely unstable.
It was a scroll of teleportation.
The adder bites you.
* * * LOW HITPOINT WARNING * * *
Okay, then.
The adder bites you but does no damage.
Your surroundings suddenly seem different.
You start resting.
You start to feel less resistant.
You start resting.
Your resistance to elements expires.
You start resting.
HP restored.
Okay, then.
Found 18 arrows.
There is an open door here.
You open the door.
There is an open door here.
Ijyb shouts!
Ijyb zaps a wand.
The bolt of acid hits you!!
Ouch! That really hurt!
* * * LOW HITPOINT WARNING * * *
The acid corrodes you!
Unknown command.
You feel very mighty all of a sudden. Ijyb hits you but does no damage.
You closely miss Ijyb. You headbutt Ijyb.
Ijyb is moderately wounded.
Ijyb hits you with a +0 club.
* * * LOW HITPOINT WARNING * * *
You closely miss Ijyb.
Ijyb is moderately wounded.
The adder bites you.
You die...

#.....#.# #.#
#.'...⌠...'..##
†.#.###.# #.##
#.#.......#####
#.......# #..#
#.#.⌠(..⌠.###..
#..###...
#.###.#.......##...
#........
#.....####'#####...
.<.### .
##.#####.......#.##
..## #.#
#.#.#.###.## ###
#S## #.#.#.......
#@.# . #.#.#.#...
+g.# (# #.#...##.#
#..##. #.######.#
#..## #.# #.# #...
.. #.. #.#.# ###
#.#.. #.#...


You could see Ijyb and an adder.

Vanquished Creatures
  An adder (D:2)
  A worm (D:2)
  2 dart slugs
  2 orcs (D:3)
  3 ball pythons
  3 endoplasms
  A giant cockroach (D:1)
  A hobgoblin (D:1)
  2 jackals (D:1)
  9 bats
  2 frilled lizards
  3 kobolds
  4 rats
34 creatures vanquished.

Notes
Turn   | Place    | Note
-------+----------+-------------------------------------------
     0 | D:1      | Peloso the Minotaur Fighter began the quest for the Orb.
     0 | D:1      | Reached XP level 1. HP: 19/19 MP: 0/0
   345 | D:1      | Found a faded altar of an unknown god.
   484 | D:1      | Reached XP level 2. HP: 25/27 MP: 1/1
  1133 | D:2      | Reached XP level 3. HP: 33/33 MP: 2/2
  1856 | D:3      | Noticed Ijyb
  2211 | D:3      | Slain by an adder

Illustrated notes

Levels and vault maps discovered:
D:1:      heliophobic_arrival_ceremonial_halls, layout_basic,
          basic_ecumenical_altar
D:2:      layout_basic, minmay_misc_feat_encased, minmay_tromino_v4_b
D:3:      layout_basic, nemelex_dance_club_becter, minmay_misc_feat_ornament,
          minmay_fountain_box, st_stairs_10, uniq_ijyb

Skill      XL: |  1  2  3 |
---------------+----------+-----
Armour         | 4 |  4.3
Shields        | 4 |  4.2
Fighting       | 4 |  4.0
Long Blades    | 3 |  3.0
Dodging        | |  0.6

Action                   || total
-------------------------++-------
Melee: Long sword        ||    69
       Headbutt          ||    10
  Use: Potion            ||     2
       Scroll            ||     1
Armor: Scale mail        ||    29
       Plate armour      ||    38
Dodge: Dodged            ||    41
Block: Buckler           ||    12

Table legend: (Time is in decaauts)
 A = Elapsed time spent in this place.
 B = Non-inter-level travel time spent in this place.
 C = Inter-level travel time spent in this place.
 D = Time resting spent in this place.
 E = Time spent auto-exploring this place.
 F = Levels seen in this place.
 G = Mean time per level.
                   A        B        C        D        E       F      G
               +--------+--------+--------+--------+--------+-----+--------+
         Total |   2228 |   2113 |    115 |    274 |   1469 |   3 |  742.7 |
       Dungeon |   2228 |   2113 |    115 |    274 |   1469 |   3 |  742.7 |
               +--------+--------+--------+--------+--------+-----+--------+

Top non-repeatable levels by time:
     D:2: 863 daAuts
     D:1: 845 daAuts
     D:3: 518 daAuts
